MID
DAYTON DRAGONS @ FORT WAYNE TINCAPS
09/01/2110
 
TOP OF THE 1ST
Dayton Dragons batting - Pitching for Fort Wayne TinCaps : RHP Mike Kremer
Pitching: RHP Mike Kremer
Batting: SHB Hadyn DiPaolo 0-0: Called Strike
0-1: Ball
1-1: Foul Ball, location: 7LMF
1-2: Foul Ball, location: 2F
1-2: Ground out 6-3 (Groundball, 6, EV 85.0 MPH)
Batting: RHB Vinny Rojo 0-0: Fly out, F9 (Flyball, 9D, EV 91.3 MPH)
Batting: LHB Jack Clawson 0-0: Ball
1-0: Called Strike
1-1: SINGLE (Line Drive, 8LS, EV 90.0 MPH)
Batting: RHB John Michael 0-0: Fly out, F6 (Line Drive, 6D, EV 69.4 MPH)
Top of the 1st over - 0 runs, 1 hit, 0 errors, 1 left on base; Dayton 0 - Fort Wayne 0
BOTTOM OF THE 1ST
Fort Wayne TinCaps batting - Pitching for Dayton Dragons : LHP Luis Munguia
Pitching: LHP Luis Munguia
Batting: RHB Alex Sagastume 0-0: SINGLE (Groundball, 34, EV 80.6 MPH) (infield hit)
Batting: RHB Parker Oubre 0-0: Ball
1-0: Bunted foul
1-1: Fielders Choice at 2nd, 4-6 (Groundball, 4M, EV 85.6 MPH)
Batting: RHB Mike Bohl 0-0: Grounds into double play, 5-4-3 (Groundball, 56, EV 110.0 MPH)
Bottom of the 1st over - 0 runs, 1 hit, 0 errors, 0 left on base; Dayton 0 - Fort Wayne 0
TOP OF THE 2ND
Dayton Dragons batting - Pitching for Fort Wayne TinCaps : RHP Mike Kremer
Batting: LHB John Meador 0-0: Called Strike
0-1: Ball
1-1: Foul Ball, location: 2F
1-2: SINGLE (Line Drive, 4D, EV 97.5 MPH)
Batting: RHB Miguel Gutierrez 0-0: Ball
1-0: Foul Ball, location: 5F
1-1: Grounds into double play, 5-4-3 (Groundball, 56, EV 92.5 MPH)
Batting: LHB Francisco Reyes 0-0: Fly out, F8 (Flyball, 8RS, EV 91.9 MPH)
Top of the 2nd over - 0 runs, 1 hit, 0 errors, 0 left on base; Dayton 0 - Fort Wayne 0
BOTTOM OF THE 2ND
Fort Wayne TinCaps batting - Pitching for Dayton Dragons : LHP Luis Munguia
Batting: RHB Todd Teague 0-0: Ball
1-0: Foul Ball, location: 2F
1-1: Called Strike
1-2: Ball
2-2: Strikes out looking
Batting: LHB Jay Madden 0-0: Called Strike
0-1: Ball
1-1: Ball
2-1: Ball
3-1: Foul Ball, location: 3DF
3-2: Foul Ball, location: 25FF
3-2: Base on Balls
Batting: RHB Jim Turner 0-0: Foul Ball, location: 5FF
0-1: Ball
1-1: Swinging Strike
1-2: Strikes out swinging
Batting: LHB Bryan Abramson 0-0: Foul Ball, location: 2F
0-1: Ground out U3 (Groundball, 34, EV 80.0 MPH)
Bottom of the 2nd over - 0 runs, 0 hits, 0 errors, 1 left on base; Dayton 0 - Fort Wayne 0
TOP OF THE 3RD
Dayton Dragons batting - Pitching for Fort Wayne TinCaps : RHP Mike Kremer
Batting: SHB Ray Swanson 0-0: Called Strike
0-1: Ball
1-1: Ball
2-1: Ball
3-1: SINGLE (Groundball, 3D, EV 105.0 MPH)
Batting: LHB Diego Santos 0-0: Grounds out, U3 (Groundball, 3L, EV 101.3 MPH)
Batting: SHB Hadyn DiPaolo 0-0: Called Strike
0-1: Ball
1-1: Ball
2-1: Ground out 1-3 (Groundball, 13S, EV 63.1 MPH)
Ray Swanson to third
Batting: RHB Vinny Rojo 0-0: SINGLE (Line Drive, 8LS, EV 98.1 MPH)
Ray Swanson scores
Batting: LHB Jack Clawson 0-0: Ball
1-0: Ball
2-0: Ball
3-0: Called Strike
3-1: Swinging Strike
3-2: Foul Ball, location: 5DF
3-2: Foul Ball, location: 2F
3-2: Ground out 5-3 (Groundball, 5L, EV 91.3 MPH)
Top of the 3rd over - 1 run, 2 hits, 0 errors, 1 left on base; Dayton 1 - Fort Wayne 0
BOTTOM OF THE 3RD
Fort Wayne TinCaps batting - Pitching for Dayton Dragons : LHP Luis Munguia
Batting: RHB Carlos Fuster 0-0: Ball
1-0: TRIPLE (Line Drive, 9LD, EV 100.6 MPH)
Batting: RHB Danny Chacon 0-0: Hit by Pitch
Batting: RHB Alex Sagastume 0-0: Foul Ball, location: 7LSF
0-1: Ball
1-1: Swinging Strike
1-2: Ball
2-2: Grounds into double play, 6-4-3 (Groundball, 6, EV 78.1 MPH)
Carlos Fuster scores
Batting: RHB Parker Oubre 0-0: Ball
1-0: Ball
2-0: Ball
3-0: Base on Balls
Batting: RHB Mike Bohl 0-0: Ball
1-0: Ground out 4-3 (Groundball, 4, EV 92.5 MPH)
Bottom of the 3rd over - 1 run, 1 hit, 0 errors, 1 left on base; Dayton 1 - Fort Wayne 1
TOP OF THE 4TH
Dayton Dragons batting - Pitching for Fort Wayne TinCaps : RHP Mike Kremer
Batting: RHB John Michael 0-0: Ball
1-0: Ground out 6-3 (Groundball, 6, EV 89.4 MPH)
Batting: LHB John Meador 0-0: Called Strike
0-1: Ball
1-1: Swinging Strike
1-2: Ball
2-2: Strikes out swinging
Batting: RHB Miguel Gutierrez 0-0: Foul Ball, location: 2RF
0-1: Ball
1-1: Called Strike
1-2: Strikes out swinging
Top of the 4th over - 0 runs, 0 hits, 0 errors, 0 left on base; Dayton 1 - Fort Wayne 1
BOTTOM OF THE 4TH
Fort Wayne TinCaps batting - Pitching for Dayton Dragons : LHP Luis Munguia
Batting: RHB Todd Teague 0-0: Called Strike
0-1: Ball
1-1: Foul Ball, location: 9LMF
1-2: Strikes out looking
Batting: LHB Jay Madden 0-0: Called Strike
0-1: Swinging Strike
0-2: Ball
1-2: Ball
2-2: Fly out, F6 (Popup, 4MD, EV 55.0 MPH)
Batting: RHB Jim Turner 0-0: Ball
1-0: Ball
2-0: Ball
3-0: Called Strike
3-1: Fly out, F4 (Line Drive, 4MD, EV 67.5 MPH)
Bottom of the 4th over - 0 runs, 0 hits, 0 errors, 0 left on base; Dayton 1 - Fort Wayne 1
TOP OF THE 5TH
Dayton Dragons batting - Pitching for Fort Wayne TinCaps : RHP Mike Kremer
Batting: LHB Francisco Reyes 0-0: Ball
1-0: Ball
2-0: Called Strike
2-1: Foul Ball, location: 7LMF
2-2: Foul Ball, location: 23FF
2-2: Strikes out looking
Batting: SHB Ray Swanson 0-0: Ball
1-0: Foul Ball, location: 25FF
1-1: Foul Ball, location: 2F
1-2: Ground out 6-3 (Groundball, 56, EV 83.8 MPH)
Batting: LHB Diego Santos 0-0: Fly out, F1 (Line Drive, P, EV 67.5 MPH)
Top of the 5th over - 0 runs, 0 hits, 0 errors, 0 left on base; Dayton 1 - Fort Wayne 1
BOTTOM OF THE 5TH
Fort Wayne TinCaps batting - Pitching for Dayton Dragons : LHP Luis Munguia
Batting: LHB Bryan Abramson 0-0: Called Strike
0-1: Ball
1-1: Foul Ball, location: 5DF
1-2: Ball
2-2: Ball
3-2: DOUBLE (Line Drive, 9LD, EV 103.1 MPH)
Batting: RHB Carlos Fuster 0-0: Ball
1-0: Foul Ball, location: 2F
1-1: Swinging Strike
1-2: Strikes out swinging
Batting: RHB Danny Chacon 0-0: Foul Ball, location: 9LDF
0-1: Foul Ball, location: 5SF
0-2: Strikes out swinging
Batting: RHB Alex Sagastume 0-0: Ball
1-0: Ball
Wild Pitch!
Bryan Abramson to third
2-0: Ball
3-0: Base on Balls
Batting: RHB Parker Oubre 0-0: Fly out, F9 (Line Drive, 9S, EV 92.5 MPH)
Bottom of the 5th over - 0 runs, 1 hit, 0 errors, 2 left on base; Dayton 1 - Fort Wayne 1
TOP OF THE 6TH
Dayton Dragons batting - Pitching for Fort Wayne TinCaps : RHP Mike Kremer
Batting: SHB Hadyn DiPaolo 0-0: Ball
1-0: Fly out, F8 (Flyball, 8LD, EV 109.4 MPH)
Batting: RHB Vinny Rojo 0-0: Swinging Strike
0-1: Foul Ball, location: 9LSF
0-2: Ball
1-2: SINGLE (Line Drive, 9S, EV 105.0 MPH)
Batting: LHB Jack Clawson 0-0: Ball
1-0: Called Strike
1-1: Fielders Choice at 2nd, 4-6 (Groundball, 4, EV 81.9 MPH)
Batting: RHB John Michael 0-0: Called Strike
0-1: Ball
1-1: DOUBLE (Flyball, 8RXD, EV 94.4 MPH)
Jack Clawson to third
Runner from 3rd tries for Home, SAFE, no throw by CF
Batting: LHB John Meador 0-0: Ball
1-0: Foul Ball, location: 7LMF
1-1: Swinging Strike
1-2: Ball
2-2: Ball
3-2: Fly out, F7 (Flyball, S2, EV 86.9 MPH)
Top of the 6th over - 1 run, 2 hits, 0 errors, 1 left on base; Dayton 2 - Fort Wayne 1
BOTTOM OF THE 6TH
Fort Wayne TinCaps batting - Pitching for Dayton Dragons : LHP Luis Munguia
Batting: RHB Mike Bohl 0-0: Called Strike
0-1: SINGLE (Flyball, 34D, EV 91.9 MPH)
Batting: RHB Todd Teague 0-0: Called Strike
0-1: Ball
1-1: Ball
2-1: Ball
3-1: Base on Balls
Mike Bohl to second
Batting: RHB Alfonso Florentino 0-0: SINGLE (Groundball, 3D, EV 100.0 MPH)
Mike Bohl to third
Todd Teague to second
Runner from 3rd tries for Home, SAFE, throw by RF to trailing runner, OUT at third! 9-3-5
Batting: RHB Jim Turner 0-0: Ball
1-0: Ball
2-0: DOUBLE (Line Drive, 89M, EV 101.9 MPH)
Alfonso Florentino to third
Batting: LHB Bryan Abramson 0-0: Swinging Strike
0-1: Called Strike
0-2: Ball
1-2: Strikes out swinging
Batting: RHB Carlos Fuster 0-0: Ball
1-0: Ground out 6-3 (Groundball, 6, EV 99.4 MPH)
Bottom of the 6th over - 1 run, 3 hits, 0 errors, 2 left on base; Dayton 2 - Fort Wayne 2
TOP OF THE 7TH
Dayton Dragons batting - Pitching for Fort Wayne TinCaps : RHP Mike Kremer
Batting: RHB Miguel Gutierrez 0-0: Ball
1-0: Called Strike
1-1: Swinging Strike
1-2: Ground out 5-3 (Groundball, 5, EV 104.4 MPH)
Batting: LHB Francisco Reyes 0-0: Fly out, F9 (Line Drive, 9, EV 103.1 MPH)
Batting: SHB Ray Swanson 0-0: SINGLE (Line Drive, 56D, EV 96.3 MPH)
Batting: LHB Diego Santos 0-0: Ball
1-0: Called Strike
1-1: Ground out 4-3 (Groundball, 4, EV 94.4 MPH)
Top of the 7th over - 0 runs, 1 hit, 0 errors, 1 left on base; Dayton 2 - Fort Wayne 2
BOTTOM OF THE 7TH
Fort Wayne TinCaps batting - Pitching for Dayton Dragons : LHP Luis Munguia
Batting: RHB Danny Chacon 0-0: Called Strike
0-1: Called Strike
0-2: Ball
1-2: Strikes out looking
Batting: RHB Alex Sagastume 0-0: Ball
1-0: Ball
2-0: Called Strike
2-1: Foul Ball, location: 2LF
2-2: Strikes out swinging
Batting: RHB Parker Oubre 0-0: SOLO HOME RUN (Flyball, 8LXD, EV 105.6 MPH), Distance : 414 ft
Batting: RHB Mike Bohl 0-0: Called Strike
0-1: Called Strike
0-2: Ball
1-2: Foul Ball, location: 2F
1-2: Ground out 6-3 (Groundball, 6, EV 80.0 MPH)
Bottom of the 7th over - 1 run, 1 hit, 0 errors, 0 left on base; Dayton 2 - Fort Wayne 3
TOP OF THE 8TH
Dayton Dragons batting - Pitching for Fort Wayne TinCaps : RHP Mike Kremer
Pitching: RHP Robbie Castro
Batting: SHB Hadyn DiPaolo 0-0: Foul Ball, location: 2F
0-1: Ball
1-1: Called Strike
1-2: DOUBLE (Line Drive, 89XD, EV 106.3 MPH)
Pinch Hitting: LHB Phil Young 0-0: Foul Ball, location: 7LDF
0-1: Called Strike
0-2: DOUBLE (Flyball, 8RXD, EV 98.8 MPH)
Hadyn DiPaolo scores
Batting: LHB Jack Clawson 0-0: Swinging Strike
0-1: Ground out 5-3 (Groundball, 5, EV 103.1 MPH)
Batting: RHB John Michael 0-0: Foul Ball, location: 2F
0-1: Swinging Strike
0-2: Ball
1-2: Ball
2-2: Ball
3-2: Strikes out swinging
Batting: LHB John Meador 0-0: Foul Ball, location: 5SF
0-1: Foul Ball, location: 2F
0-2: Hit by Pitch
Batting: RHB Miguel Gutierrez 0-0: Ball
1-0: Ball
2-0: Ball
3-0: Base on Balls
Phil Young to third
John Meador to second
Batting: LHB Francisco Reyes 0-0: Fly out, F7 (Flyball, 7D, EV 110.0 MPH)
Top of the 8th over - 1 run, 2 hits, 0 errors, 3 left on base; Dayton 3 - Fort Wayne 3
BOTTOM OF THE 8TH
Fort Wayne TinCaps batting - Pitching for Dayton Dragons : LHP Luis Munguia
Pitching: RHP Cody Cochran
Now at 1B: Phil Young
Batting: RHB Todd Teague 0-0: Ball
1-0: Foul Ball, location: 3FF
1-1: Called Strike
1-2: SINGLE (Line Drive, 9S, EV 104.4 MPH)
Batting: RHB Alfonso Florentino 0-0: Called Strike
0-1: Ball
1-1: Fly out, F9 (Flyball, 89M, EV 86.9 MPH)
Batting: RHB Jim Turner 0-0: Called Strike
0-1: Called Strike
0-2: Ball
1-2: Strikes out swinging
Batting: LHB Bryan Abramson 0-0: Called Strike
0-1: Swinging Strike
0-2: Fly out, F7 (Flyball, 78D, EV 97.5 MPH)
Bottom of the 8th over - 0 runs, 1 hit, 0 errors, 1 left on base; Dayton 3 - Fort Wayne 3
TOP OF THE 9TH
Dayton Dragons batting - Pitching for Fort Wayne TinCaps : RHP Robbie Castro
Batting: SHB Ray Swanson 0-0: Called Strike
0-1: Foul Ball, location: 7LSF
0-2: Strikes out looking
Batting: LHB Diego Santos 0-0: Foul Ball, location: 7LMF
0-1: Swinging Strike
0-2: Ball
1-2: Strikes out swinging
Batting: SHB Hadyn DiPaolo 0-0: Fly out, F8 (Flyball, 8LD, EV 110.0 MPH)
Top of the 9th over - 0 runs, 0 hits, 0 errors, 0 left on base; Dayton 3 - Fort Wayne 3
BOTTOM OF THE 9TH
Fort Wayne TinCaps batting - Pitching for Dayton Dragons : RHP Cody Cochran
Pinch Hitting: LHB John Waddoups 0-0: Foul Ball, location: 2F
0-1: SOLO HOME RUN (Flyball, 7LD, EV 90.0 MPH), Distance : 345 ft
Bottom of the 9th over - 1 run, 1 hit, 0 errors, 0 left on base; Dayton 3 - Fort Wayne 4
Sunday, June 8th , 2025 - OOTP Baseball 26.4 Build 61